 Dungeon Crawl Stone Soup version 0.27-a0-34-gc18c9092ac (webtiles) character file.

Game seed: 8777669137921866593

86 Goblin1989 the Sneak (level 4, -2/23 HPs)
             Began as a Vine Stalker Brigand on Jan 5, 2021.
             Slain by an adder (3 damage)
             ... on level 2 of the Dungeon.
             The game lasted 00:03:32 (1931 turns).

Goblin1989 the Sneak (Vine Stalker Brigand)         Turns: 1931, Time: 00:03:32

Health: -2/23      AC:  3    Str: 13    XL:     4   Next: 50%
Magic:  0/5        EV: 11    Int: 11    God:
Gold:   81         SH:  0    Dex: 17    Spells: 3/3 levels left

rFire    . . .     SeeInvis .   a - +2 dagger
rCold    . . .     Faith    .   (no shield)
rNeg     . . .     Spirit   +   b - +0 robe
rPois    .         Reflect  .   (no helmet)
rElec    .         Harm     .   c - +0 cloak
rCorr    .         Rampage  .   (no gloves)
Will     .....                  (no boots)
Stlth    +++.......             (no amulet)
HPRegen  0.47/turn              (no ring)
MPRegen  0.09/turn              (no ring)

@: flying
A: fangs 2, regeneration 1, magic shield, antimagic bite, no potion heal 3
a: no special abilities


You were on level 2 of the Dungeon.
You visited 1 branch of the dungeon, and saw 2 of its levels.

You collected 81 gold pieces.

Inventory:

Hand Weapons
 a - a +2 dagger (weapon)
Missiles
 d - 7 poisoned darts (quivered)
Armour
 b - a +0 robe (worn)
 c - a +0 cloak (worn)
Scrolls
 g - 2 scrolls of enchant weapon {unknown}
 h - 2 scrolls of teleportation {unknown}
 k - 2 scrolls of fear {unknown}


   Skills:
 - Level 1.7 Fighting
 * Level 3.5 Short Blades
 - Level 1.7 Throwing
 - Level 0.7 Dodging
 + Level 5.7 Stealth


You had 3 spell levels left.
You didn't know any spells.
Your spell library was empty.

Dungeon Overview and Level Annotations

Branches:
Dungeon (2/15)

Altars:


Innate Abilities, Weirdness & Mutations

You have extremely sharp teeth.
Your natural rate of healing is unusually fast.
When hurt, damage is shared between your health and your magic reserves.
Your bite disrupts and absorbs the magic of your enemies.
Potions cannot restore your health.


Message History

No target in view!
No target in view!
No target in view!
No target in view!
No target in view!
No target in view!
No target in view!
No target in view!
No target in view!
No target in view!
No target in view!
You open the door.
There is an open door here.
An adder comes into view.
The adder hisses angrily.
A goblin comes into view.
You see here 2 black potions.
The goblin shouts!
The adder bites you.
Found a stone staircase leading up.
You take 4 damage, and have 19/23 hp.
You closely miss the adder. The adder bites you but does no damage.
You closely miss the adder. Your bite misses the adder.
The adder barely misses you.
You miss the adder. Your bite misses the adder. The adder bites you.
You take 1 damage, and have 19/23 hp.
You closely miss the adder.
The goblin wields a +0 hunting sling.
The goblin shoots a stone.
The stone hits you. The adder bites you but does no damage.
You take 3 damage, and have 16/23 hp.
You now have 4/5 mp.
You hit the adder. Your bite misses the adder.
The adder is moderately wounded.
The adder bites you.
You take 1 damage, and have 15/23 hp.
You now have 3/5 mp.
You miss the adder.
The adder is moderately wounded.
The adder bites you.
You are poisoned.
The adder poisons you!
The goblin unwields a +0 hunting sling.
The goblin hits you.
You take 4 damage, and have 11/23 hp.
You are too injured to fight recklessly!
You are too injured to fight recklessly!
You are too injured to fight recklessly!
You are too injured to fight recklessly!
You are too injured to fight recklessly!
You are too injured to fight recklessly!
You are too injured to fight recklessly!
You are too injured to fight recklessly!
You are too injured to fight recklessly!
You are too injured to fight recklessly!
You are too injured to fight recklessly!
You are too injured to fight recklessly!
You are too injured to fight recklessly!
You are too injured to fight recklessly!
You are too injured to fight recklessly!
You are too injured to fight recklessly!
You are too injured to fight recklessly!
You are too injured to fight recklessly!
You are too injured to fight recklessly!
You are too injured to fight recklessly!
You are too injured to fight recklessly!
You feel sick.
You feel sick. The adder bites you.
* * * LOW HITPOINT WARNING * * *
You see here 2 black potions.
You take 2 damage, and have 9/23 hp.
There is an open door here.
Sorry, you're not good enough to have a special ability.
It was a potion of heal wounds.
That seemed strangely inert.
You feel sick. The adder bites you but does no damage. The adder bites you.
* * * LOW HITPOINT WARNING * * *
You take 4 damage, and have 6/23 hp.
It was a potion of curing.
Your system rejects the healing.
You feel better. The adder bites you.
* * * LOW HITPOINT WARNING * * *
You take 1 damage, and have 5/23 hp.
It was a potion of flight.
You feel very buoyant.
You fly up into the air.
The adder bites you but does no damage.
You barely miss the adder.
The adder is moderately wounded.
The adder bites you.
* * * LOW HITPOINT WARNING * * *
You take 2 damage, and have 4/23 hp.
You now have 2/5 mp.
Throw: 8 darts (poison)
Press: ? - help, Q - select action Shift-Dir - straight line, f - adder
Aim: an adder (moderately wounded)
You throw a poisoned dart. The poisoned dart hits the adder.
The adder is poisoned.
The adder is moderately wounded.
The adder bites you.
* * * LOW HITPOINT WARNING * * *
You take 1 damage, and have 3/23 hp.
The adder bites you.
* * * LOW HITPOINT WARNING * * *
You take 2 damage, and have 1/23 hp.
You now have 1/5 mp.
You closely miss the adder. Your bite misses the adder.
The adder is moderately wounded.
The adder bites you.
You die...

██...██
██...>.██
██.......██
█.......†.█
▲.........▲
█.........█
██....†..██
██.....██
██.@.██


██S██ █g█ ██████!███ █...(....█ █.......$.█ █..█......█ .....██.....█ .....
██.█..█ You could see an adder (poisoned) and a goblin.

Vanquished Creatures
  3 adders (D:2)
  A worm (D:2)
  3 dart slugs (D:1)
  3 ball pythons
  8 bats
  2 giant cockroaches (D:1)
  7 goblins
  4 hobgoblins
  6 jackals
  A quokka (D:2)
  2 frilled lizards
  4 kobolds (D:1)
  5 rats
49 creatures vanquished.

Vanquished Creatures (others)
  20 plants (D:1)
20 creatures vanquished.

Grand Total: 69 creatures vanquished

Notes
Turn   | Place    | Note
-------+----------+-------------------------------------------
     0 | D:1      | Goblin1989 the Vine Stalker Brigand began the quest for the
                  | Orb.
     0 | D:1      | Reached XP level 1. HP: 11/11 MP: 2/2
     2 | D:1      | Noticed a merfolk
     2 | D:1      | Noticed a demigod
     4 | D:1      | Noticed a formicid
     4 | D:1      | Noticed a dwarf
     6 | D:1      | Noticed a demonspawn
     8 | D:1      | Noticed a felid
     8 | D:1      | Noticed a vine stalker
    10 | D:1      | Noticed a naga
    12 | D:1      | Noticed a centaur
    12 | D:1      | Noticed a tengu
    14 | D:1      | Noticed a vampire
    16 | D:1      | Noticed a halfling
    16 | D:1      | Noticed a human
    18 | D:1      | Noticed an octopode
    18 | D:1      | Noticed a gargoyle
    20 | D:1      | Noticed a spriggan
    20 | D:1      | Noticed a troll
    22 | D:1      | Noticed a ghoul
    22 | D:1      | Noticed a minotaur
    24 | D:1      | Noticed a draconian
    24 | D:1      | Noticed an ogre
    26 | D:1      | Noticed an elf
   102 | D:1      | Reached skill level 5 in Stealth
   438 | D:1      | Reached XP level 2. HP: 15/15 MP: 3/3
   657 | D:1      | Reached XP level 3. HP: 17/18 MP: 4/4
  1414 | D:2      | Found a faded altar of an unknown god.
  1635 | D:2      | Gained mutation: Your natural rate of healing is unusually
                  | fast. [Vine Stalker growth]
  1635 | D:2      | Reached XP level 4. HP: 23/23 MP: 5/5
  1930 | D:2      | HP: 1/23 [adder (3)]
  1931 | D:2      | Slain by an adder

Illustrated notes

Levels and vault maps discovered:
D:1:      kb_arrival_jail, layout_loops_ring, serial_bayou_pond_c,
          grunt_decor_one_mirror, minmay_surrounded
D:2:      layout_loops_corners, chequers_ecumenical_altar_island

Skill      XL: |  1  2  3 |
---------------+----------+-----
Short Blades   | 2 3 |  3.5
Stealth        | 5 |  5.7
Fighting       | |  1.7
Throwing       | |  1.7
Dodging        | |  0.7

Action                   |  1- 3 |  4- 6 || total
-------------------------+-------+-------++-------
Melee: Dagger            |    90 |    42 ||   132
       Bite              |    11 |     6 ||    17
Throw: Dart              |     7 |     4 ||    11
  Use: Potion            |       |     4 ||     4
 Stab: Sleeping          |    10 |     4 ||    14
       Distracted        |       |     1 ||     1
Armor: Robe              |    16 |     9 ||    25
       Skin              |       |     7 ||     7
Dodge: Dodged            |    47 |    12 ||    59

Table legend: (Time is in decaauts)
 A = Elapsed time spent in this place.
 B = Non-inter-level travel time spent in this place.
 C = Inter-level travel time spent in this place.
 D = Time resting spent in this place.
 E = Time spent auto-exploring this place.
 F = Levels seen in this place.
 G = Mean time per level.
                   A        B        C        D        E       F      G
               +--------+--------+--------+--------+--------+-----+--------+
         Total |   1916 |   1891 |     25 |    290 |   1306 |   2 |  958.0 |
       Dungeon |   1916 |   1891 |     25 |    290 |   1306 |   2 |  958.0 |
               +--------+--------+--------+--------+--------+-----+--------+

Top non-repeatable levels by time:
     D:1: 1370 daAuts
     D:2: 545 daAuts
